 Dungeon Crawl Stone Soup version 0.27.1-33-g824d729ab1 (webtiles) character file.

Game seed: 12509676539734915125

116 potato4science the Conjurer (level 4, -5/25 HPs)
             Began as a Deep Elf Conjurer on Dec 19, 2021.
             Killed by divine providence
             ... invoked by an orc priest
              (15 damage)
             ... on level 3 of the Dungeon.
             The game lasted 00:09:57 (2258 turns).

potato4science the Conjurer (Deep Elf Conjurer)     Turns: 2258, Time: 00:09:58

Health: -5/25      AC:  6    Str:  5    XL:     4   Next: 70%
Magic:  7/12       EV: 10    Int: 23    God:
Gold:   88         SH:  0    Dex: 19    Spells: 8/11 levels left

rFire    . . .     SeeInvis .   d - +0 dagger
rCold    . . .     Faith    .   (no shield)
rNeg     . . .     Spirit   .   i - +0 ring mail
rPois    +         Reflect  .   (no helmet)
rElec    .         Harm     .   (no cloak)
rCorr    .         Rampage  .   e - +0 pair of gloves
Will     .....                  (no boots)
Stlth    ++........             (no amulet)
HPRegen  0.08/turn              b - ring of poison resistance
MPRegen  0.13/turn              j - +6 ring of dexterity

@: no status effects
A: no striking features
a: no special abilities


You were on level 3 of the Dungeon.
You visited 1 branch of the dungeon, and saw 3 of its levels.

You collected 88 gold pieces.

Inventory:

Hand Weapons
 d - a +0 dagger (weapon)
Armour
 a - a +0 robe
 e - a +0 pair of gloves (worn)
 h - a +0 scale mail
 i - a +0 ring mail (worn)
Jewellery
 b - a ring of poison resistance (left hand)
 j - a +6 ring of dexterity (right hand)
Scrolls
 c - a scroll of acquirement
 f - a scroll of holy word {unknown}


   Skills:
 - Level 1.0 Fighting
 + Level 1.0 Armour
 - Level 3.0 Dodging
 * Level 3.9 Stealth
 - Level 4.0 Spellcasting
 - Level 5.0 Conjurations


You had 8 spell levels left.
You knew the following spells:

 Your Spells              Type           Power      Damage    Failure   Level
a - Magic Dart            Conj           100%       1d8       6%          1
b - Searing Ray           Conj           54%        3d5       10%         2

Your spell library contained the following spells:

 Spells                   Type           Power      Damage    Failure   Level
 Dazzling Flash           Conj/Hex       32%        N/A       45%         3
 Fulminant Prism          Conj/Hex       8%         3d7       86%         4
 Iskenderun's Mystic Bla  Conj/Tloc      16%        2d5       86%         4


Dungeon Overview and Level Annotations

Branches:
Dungeon (3/15)

Altars:


Message History

Found 13 stones.
Found a scroll labelled QET WATTYLUO.
f - a scroll labelled QET WATTYLUO You hear the slow rusting of a very distant drain.
A goblin and an orc come into view.
The orc shouts!
The goblin shouts!
You hear a shout! x2
Casting: Magic Dart (safe; 6% risk of failure)
Confirm with . or Enter, or press ? or * to list all spells.
Aiming: Searing Ray (safe; 10% risk of failure)
Press: ? - help, Shift-Dir - straight line, f - goblin
Aim: a goblin, wielding a +0 dagger (74% to hit)
The searing ray hits the orc!
You kill the orc!
The searing ray hits the goblin.
The goblin is severely wounded. (Press . to maintain the ray.)
You hear a shout!
An orc priest comes into view. It is wielding a +0 club.
You hear a shout!
Casting: Searing Ray (safe; 10% risk of failure)
Confirm with . or Enter, or press ? or * to list all spells.
Restarting spell: Searing Ray (safe; 10% risk of failure)
Press: ? - help, Shift-Dir - straight line, f - orc priest, p - goblin
Aim: an orc priest, wielding a +0 club (79% to hit)
The searing ray hits the goblin!
You kill the goblin!
The searing ray hits the orc priest.
The orc priest is lightly wounded. (Press . to maintain the ray.)
The searing ray misses the orc priest.
The orc priest mumbles some strange prayers to Beogh against you.
Beogh smites you!
An orc comes into view. It is wielding a +0 dagger.
The searing ray misses the orc priest.
The orc priest calls down the wrath of Beogh upon you.
Pain shoots through your body!
The orc priest calls down the wrath of Beogh upon you.
Beogh smites you!
Ouch! That really hurt!
You die...

#.####
#....#
####.###
#...# ###o#
#.#
#########.#
#.......#.#
#.......#@#
#.........#
###.#######
#.# #.# #.#
#######.#
#.......#
#.#######


You could see an orc priest.

Vanquished Creatures
  A water moccasin skeleton (D:2)
  2 adders (D:2)
  An orc (D:3)
  3 ball pythons
  5 bats
  4 endoplasms
  3 giant cockroaches
  9 goblins
  3 hobgoblins (D:1)
  4 kobolds (D:1)
  3 quokkas
  4 frilled lizards
  A rat (D:1)
43 creatures vanquished.

Notes
Turn   | Place    | Note
-------+----------+-------------------------------------------
     0 | D:1      | potato4science the Deep Elf Conjurer began the quest for
                  | the Orb.
     0 | D:1      | Reached XP level 1. HP: 10/10 MP: 6/6
   204 | D:1      | Reached XP level 2. HP: 15/15 MP: 2/8
   362 | D:1      | Learned a level 2 spell: Searing Ray
   656 | D:1      | Reached skill level 5 in Conjurations
   806 | D:1      | Reached XP level 3. HP: 19/19 MP: 3/9
  1223 | D:2      | Reached skill level 1 in Fighting
  1223 | D:2      | Reached skill level 1 in Armour
  1223 | D:2      | Reached XP level 4. HP: 18/25 MP: 1/11
  2167 | D:3      | Identified 2 scrolls of acquirement
  2167 | D:3      | Acquired a +6 ring of dexterity
  2258 | D:3      | Killed from afar by an orc priest

Illustrated notes

Levels and vault maps discovered:
D:1:      moated_graveyard_arrival, layout_basic
D:2:      layout_basic
D:3:      layout_basic, bloody_makhleb, portal_sewer_entry_c,
          hellmonk_ecumenical_altar_watching_god

Skill      XL: |  1  2  3  4 |
---------------+-------------+-----
Stealth        | 3 |  3.9
Dodging        | 3 |  3.0
Conjurations   | 5 |  5.0
Fighting       | 1 |  1.0
Armour         | 1 |  1.0
Spellcasting   | 4 |  4.0

Action                   |  1- 3 |  4- 6 || total
-------------------------+-------+-------++-------
 Cast: Magic Dart        |    46 |    12 ||    58
       Searing Ray       |     8 |    10 ||    18
  Use: Scroll            |       |     3 ||     3
Armor: Robe              |       |     1 ||     1
Dodge: Dodged            |     2 |     3 ||     5
